 Dungeon Crawl Stone Soup version 0.30-a0-394-g3e4acdb0ae (webtiles) character file.

Game seed: 10878193693452561373

118 chuckbuck the Shield-Bearer (level 4, -7/44 HPs)
             Began as a Troll Fighter on Dec 6, 2022.
             Killed by nerve-wracking pain
             ... invoked by Grinder
              (14 damage)
             ... on level 5 of the Dungeon.
             The game lasted 00:10:30 (1599 turns).

chuckbuck the Shield-Bearer (Troll Fighter)         Turns: 1599, Time: 00:10:31

Health: -7/44      AC:  4    Str: 21 (24) XL:     4   Next: 72%
Magic:  3/3        EV:  9    Int:  3 (4)  God:
Gold:   112        SH:  7    Dex: 10 (11) Spells: 1/3 levels left

rFire   . . .      SeeInvis .    a - +0 flail
rCold   . . .      Faith    .    c - +0 kite shield
rNeg    . . .      Spirit   .    b - +0 robe
rPois   .          Reflect  .    (helmet restricted)
rElec   .          Harm     .    (no cloak)
rCorr   .          Rampage  .    (gloves unavailable)
Will    .....                    (boots unavailable)
Stlth   +.........               r - amulet of magic regeneration
HPRegen 1.07/turn                (no ring)
MPRegen 0.48/turn                (no ring)

@: about to teleport
A: large, unfitting armour, claws 3, regeneration 1, shaggy fur 1, tough skin 1
a: no special abilities


You were on level 5 of the Dungeon.
You visited 1 branch of the dungeon, and saw 4 of its levels.

You collected 112 gold pieces.

Inventory:

Hand Weapons
 a - a +0 flail (weapon)
Armour
 b - a +0 robe (worn)
 c - a +0 kite shield (worn)
 e - a +0 leather armour
 q - a +2 robe of positive energy
Jewellery
 r - an amulet of magic regeneration (around neck)
 s - an amulet of the acrobat
Scrolls
 f - a scroll of fear
 i - 2 scrolls of teleportation
 p - a scroll of immolation
Potions
 l - a potion of degeneration


   Skills:
 + Level 2.9 Fighting
 + Level 3.0 Maces & Flails
 + Level 3.0 Dodging
 + Level 3.2 Shields
 + Level 0.1 Spellcasting


You had one spell level left.
You knew the following spells:

 Your Spells              Type           Power      Damage    Failure   Level
a - Passwall              Tmut/Erth      0%         N/A       91%         2

Your spell library contained the following spells:

 Spells                   Type           Power      Damage    Failure   Level
 Ensorcelled Hibernation  Hex/Ice        0%         N/A       91%         2
 Swiftness                Air            0%         N/A       99%         3


Dungeon Overview and Level Annotations

Branches:
Dungeon (3/15)

Altars:

Annotations:
D:5 Grinder


Innate Abilities, Weirdness & Mutations

You are too large for most types of armour.
You have claws for hands.
Your natural rate of healing is unusually fast.
You are covered in fur. (AC +1)
You have tough skin. (AC +1)


Message History

Pain shoots through your body! Grinder attacks as you move away!
Grinder closely misses you.
You barely miss Grinder. Grinder hits you.
You writhe in agony.
Grinder hits you.
You writhe in agony.
You hit Grinder.
Grinder is lightly wounded.
You block Grinder's attack.
You closely miss Grinder. Grinder gestures at you.
Pain shoots through your body!
You hit Grinder.
Grinder is lightly wounded.
Grinder hits you but does no damage.
Grinder says, "FISH!"
Grinder hits you!
You writhe in agony.
You barely miss Grinder.
Grinder is lightly wounded.
Grinder hits you.
You writhe in agony.
The air fills with toxic fumes!
As you read the scroll of poison, it crumbles to dust.
Grinder hits you.
* * * LOW HITPOINT WARNING * * *
You writhe in agony.
* * * LOW HITPOINT WARNING * * *
You block Grinder's attack.
You sock Grinder!
Grinder is moderately wounded.
Grinder hits you!
* * * LOW HITPOINT WARNING * * *
You writhe in agony.
* * * LOW HITPOINT WARNING * * *
Unknown command.
As you read the scroll of teleportation, it crumbles to dust.
You feel strangely unstable. Grinder hits you but does no damage.
You block Grinder's attack.
You hit Grinder.
Grinder is moderately wounded.
Grinder gestures at you. Pain shoots through your body!
You die...

....?...##......#...##
.§§§§§§§##.###'#<...#
.§§§§§§☼##.# #.#....#
.§§§§§§§##.# #.#....#
.§§§§§§§##.# #.##...#
...§§§§§##)# #.....##
.....§§o##.# #######
#5##§# #§@§§# ######


You could see Grinder and an orc.

Vanquished Creatures
  A scorpion (D:5)
  An ufetubus (D:5)
  A worm (D:2)
  A dart slug (D:1)
  3 orcs (D:5)
  5 bats
  4 endoplasms
  4 giant cockroaches
  A goblin (D:2)
  4 hobgoblins (D:2)
  10 jackals (D:1)
  A quokka (D:1)
  2 ball pythons
  2 frilled lizards
  2 kobolds (D:1)
  2 rats
44 creatures vanquished.

Notes
Turn   | Place    | Note
-------+----------+-------------------------------------------
     0 | D:1      | chuckbuck the Troll Fighter began the quest for the Orb.
     0 | D:1      | Reached XP level 1. HP: 22/22 MP: 0/0
   204 | D:1      | Reached XP level 2. HP: 27/29 MP: 1/1
   565 | D:1      | Reached XP level 3. HP: 35/36 MP: 2/2
   773 | D:2      | Learned a level 2 spell: Passwall
  1410 | D:3      | You fall into a shaft and drop 2 floors!
  1410 | D:5      | Entered Level 5 of the Dungeon
  1422 | D:5      | Noticed a scorpion
  1439 | D:5      | Killed a scorpion
  1440 | D:5      | Reached XP level 4. HP: 3/44 MP: 3/3
  1586 | D:5      | Noticed Grinder
  1599 | D:5      | Killed from afar by Grinder

Illustrated notes

Levels and vault maps discovered:
D:1:      dpeg_arrival_windows_large_door, layout_loops_cross
D:2:      layout_loops_ring, minmay_misc_feat_encased
D:3:      layout_basic, kennysheep_generic_room_2
D:5:      layout_basic, kennysheep_okawaru_gauntlet, uniq_grinder,
          uniq_blork_the_orc

Skill      XL: |  1  2  3  4 |
---------------+-------------+-----
Maces & Flails | 2 3 |  3.0
Shields        | 3 |  3.2
Dodging        | 3 |  3.0
Fighting       | |  2.9
Spellcasting   | |  0.1

Action                   |  1- 3 |  4- 6 || total
-------------------------+-------+-------++-------
Melee: Flail             |   100 |    38 ||   138
  Use: Scroll            |     6 |     2 ||     8
       Potion            |     6 |     1 ||     7
 Stab: Sleeping          |     1 |       ||     1
Armor: Robe              |    42 |    17 ||    59
Dodge: Dodged            |    46 |    28 ||    74
Block: Kite shield       |    46 |    24 ||    70

Table legend: (Time is in decaauts)
 A = Elapsed time spent in this place.
 B = Non-inter-level travel time spent in this place.
 C = Inter-level travel time spent in this place.
 D = Time resting spent in this place.
 E = Time spent auto-exploring this place.
 F = Levels seen in this place.
 G = Mean time per level.
                   A        B        C        D        E       F      G
               +--------+--------+--------+--------+--------+-----+--------+
         Total |   1655 |   1644 |     11 |    179 |    993 |   4 |  413.8 |
       Dungeon |   1655 |   1644 |     11 |    179 |    993 |   4 |  413.8 |
               +--------+--------+--------+--------+--------+-----+--------+

Top non-repeatable levels by time:
     D:2: 809 daAuts
     D:1: 639 daAuts
     D:5: 207 daAuts
